 Dungeon Crawl Stone Soup version 0.26.0-10-g1f06aea511 (webtiles) character file.

Game seed: 8310811682953842951

166 Borgoz the Slasher (level 5, -1/45 HPs)
             Began as a Ghoul Gladiator on Jan 15, 2021.
             Slain by a kobold
             ... wielding a +0 whip
              (3 damage)
             ... on level 3 of the Dungeon.
             The game lasted 00:05:46 (2001 turns).

Borgoz the Slasher (Ghoul Gladiator)                Turns: 2001, Time: 00:05:47

Health: -1/45      AC:  6    Str: 18    XL:     5   Next: 47%
Magic:  4/4        EV: 12    Int:  3    God:
Gold:   140        SH:  5    Dex: 11    Spells: 4/4 levels left

rFire    . . .     SeeInvis .   a - +0 long sword
rCold    + . .     Faith    .   (no shield)
rNeg     + + +     Spirit   .   m - +0 ring mail
rPois    ∞         Reflect  +   c - +0 helmet
rElec    .         Harm     .   (no cloak)
rCorr    .         Rampage  .   (no gloves)
Will     .....                  (no boots)
Stlth    +.........             g - amulet of reflection
HPRegen  0.00/turn              (no ring)
MPRegen  0.09/turn              (no ring)

@: no status effects
A: claws 1, cold resistance 1, negative energy resistance 3, inhibited
regeneration, torment resistance, unbreathing
a: no special abilities


You were on level 3 of the Dungeon.
You visited 1 branch of the dungeon, and saw 3 of its levels.

You collected 140 gold pieces.

Inventory:

Hand Weapons
 a - a +0 long sword (weapon)
Missiles
 d - 4 throwing nets (quivered)
Armour
 c - a +0 helmet (worn)
 m - a +0 ring mail (worn)
Jewellery
 g - an amulet of reflection (around neck)
 p - an uncursed ring of fire
Scrolls
 b - 2 scrolls of enchant weapon {unknown}
 e - a scroll of enchant armour {unknown}
 f - a scroll of fog {unknown}
 i - 2 scrolls of remove curse {unknown}
 l - 2 scrolls of fear {unknown}
 r - a scroll of teleportation {unknown}
Potions
 h - a potion of haste
 j - a potion of resistance
 n - a potion of flight
 q - a potion of might {unknown}
 s - a potion of mutation {unknown}


   Skills:
 + Level 3.4 Fighting
 + Level 3.6 Long Blades
 + Level 2.8 Throwing
 + Level 3.5 Dodging


You had 4 spell levels left.
You didn't know any spells.
Your spell library was empty.

Dungeon Overview and Level Annotations

Branches:
Dungeon (3/15)

Altars:


Innate Abilities, Weirdness & Mutations

You thrive by killing the living.
You are immune to poison.
You have sharp fingernails.
Your flesh is cold resistant. (rC+)
You are immune to negative energy. (rN+++)
You do not regenerate when monsters are visible.
You are immune to unholy pain and torment.
You can survive without breathing.


Message History

The gnoll hits you from afar with a cursed -1 halberd!
You hit the giant cockroach.
The giant cockroach is severely wounded.
You block the giant cockroach's attack. You block the gnoll's attack.
You hit the giant cockroach.
You kill the giant cockroach!
You feel better.
The kobold throws a poisoned dart.
The poisoned dart misses you. The gnoll barely misses you.
The kobold closely misses you.
Items here: )) [ ††.
You barely miss the gnoll. The gnoll hits you but does no damage.
The kobold completely misses you.
You riposte.
You hit the kobold but do no damage. You hit the gnoll.
The gnoll is heavily wounded.
The kobold hits you but does no damage.
The gnoll hits you with a cursed -1 halberd!
* * * LOW HITPOINT WARNING * * *
The kobold hits you with a +0 whip.
You die...

.####..# ...#..# ##.....###
........# #......# #### #
#......# ...## ##.# #......#
....##...## #..Kg..#
.........>.##.##@### ####
#>...(.# ... #(# ####..#
#.#.#### ..# #.###....## ..#.#
##.###........# .##)#
#.......###.### .##.#
##..##.#.....####### ###.#
###........<##...#...##
###)####...)#.#..............##
...........##.#...........(...#


You could see a gnoll and a kobold.

Vanquished Creatures
  5 adders (D:2)
  3 gnolls (D:3)
  3 worms
  5 dart slugs
  4 leopard geckos
  An orc (D:3)
  6 giant cockroaches
  10 goblins
  9 hobgoblins
  4 jackals (D:2)
  6 bats
  3 frilled lizards
  5 kobolds
  5 rats
69 creatures vanquished.

Notes
Turn   | Place    | Note
-------+----------+-------------------------------------------
     0 | D:1      | Borgoz the Ghoul Gladiator began the quest for the Orb.
     0 | D:1      | Reached XP level 1. HP: 17/17 MP: 0/0
   127 | D:1      | Reached XP level 2. HP: 25/25 MP: 1/1
   393 | D:1      | You fall into a shaft and drop 1 floor!
   473 | D:2      | Reached XP level 3. HP: 13/30 MP: 2/2
  1111 | D:2      | Reached XP level 4. HP: 37/37 MP: 3/3
  1752 | D:3      | Reached XP level 5. HP: 36/45 MP: 4/4
  2001 | D:3      | HP: 2/45 [gnoll/cursed -1 halberd (14)]
  2001 | D:3      | Slain by a kobold

Illustrated notes

Levels and vault maps discovered:
D:1:      dpeg_arrival_prison, layout_rooms, nemelex_altar_shiori
D:2:      layout_basic, nrook_loot_triangle, minmay_tripent
D:3:      layout_rooms, portal_sewer_entry_d

Skill      XL: |  1  2  3  4 |
---------------+-------------+-----
Throwing       | 2 |  2.8
Long Blades    | 3 |  3.6
Dodging        | 3 |  3.5
Fighting       | 3 |  3.4

Action                   |  1- 3 |  4- 6 || total
-------------------------+-------+-------++-------
Melee: Long sword        |   140 |   101 ||   241
Throw: Throwing net      |     1 |       ||     1
  Use: Scroll            |       |     5 ||     5
       Potion            |       |     2 ||     2
Armor: Leather armour    |    21 |       ||    21
       Ring mail         |    31 |    28 ||    59
Dodge: Dodged            |    77 |    70 ||   147
Block: Other             |    43 |    29 ||    72
       Reflection        |     3 |     2 ||     5
       Rpst.: Long sword |    26 |    25 ||    51
